General information
- name: BNet
- type: Ladder team game (AT/RT)
- host: Battle.net
- saver: ROYAL_FLUSH-
map: Deadlock
- players: 8
- length: 40:53
- speed: Fast
- version: 1.26 W3XP
- replay type: Public
» download(269 KB)
Players
team 1 (loser)
DlCK.Bandit (
blue | 66 APM | 1921 actions | 29:08)
4 Archmage
2 Summon Water Elemental
2 Brilliance Aura
5 Mountain King
3 Storm Bolt
2 Bash
3 Paladin
2 Holy Light
1 Devotion Aura
» actions
| Basic commands | 168 | |
| Build / train | 99 | |
| ESC pressed | 3 | |
| Enter build submenu | 33 | |
| Enter hero's abilities submenu | 12 | |
| Right click | 810 | |
| Select / deselect | 685 | |
| Use ability | 110 | |
1921 total
» units
| Peasant | 20 | |
| Rifleman | 11 | |
| Razormane Medicine Man | 1 | |
| Priest | 5 | |
| Mortar Team | 5 | |
| Sorceress | 4 | |
| Siege Engine | 5 | |
51 total
» upgrades
| Gunpowder | 2 | |
| Lumber Harvesting | 2 | |
| Long Rifles | 1 | |
| Armor | 1 | |
| Priest Training | 2 | |
| Sorceress Training | 2 | |
| Barrage | 1 | |
11 total
» buildings
| Altar of Kings | 1 | |
| Farm | 11 | |
| Barracks | 1 | |
| Blacksmith | 1 | |
| Lumber Mill | 1 | |
| Scout Tower | 6 | |
| Guard Tower | 4 | |
| Arcane Tower | 2 | |
| Keep | 1 | |
| Town Hall | 2 | |
| Castle | 1 | |
| Arcane Sanctum | 2 | |
| Workshop | 2 | |
| Arcane Vault | 1 | |
36 total
» build order
00:28 Altar of Kings
00:35 Farm
00:50 Barracks
01:08 Blacksmith
01:44 Farm
01:51 Farm
02:34 Lumber Mill
03:07 Scout Tower
03:16 Scout Tower
03:36 Scout Tower
03:39 Farm
03:43 Guard Tower
03:45 Arcane Tower
03:53 Scout Tower
04:11 Arcane Tower
04:24 Guard Tower
04:57 Keep
05:38 Town Hall
08:06 Castle
08:36 Arcane Sanctum
08:38 Workshop
09:21 Farm
09:26 Farm
10:31 Farm
11:43 Arcane Sanctum
11:46 Farm
11:58 Scout Tower
12:14 Arcane Vault
12:35 Guard Tower
12:37 Scout Tower
16:02 Farm
16:37 Farm
16:46 Workshop
18:32 Farm
23:55 Town Hall
26:17 Guard Tower
» items
| Boots of Speed | 2 | |
| Scroll of Town Portal | 4 | |
| Scroll of Healing | 2 | |
| Scroll of Protection | 2 | |
| Scroll of Regeneration | 1 | |
| Potion of Lesser Invulnerability | 1 | |
| Potion of Healing | 1 | |
13 total

»
c4rn4g3 (
red | 57 APM | 1643 actions | 28:39)
3 Mountain King
2 Storm Bolt
1 Bash
3 Paladin
1 Divine Shield
2 Holy Light
» actions
| Assign group hotkey | 27 | |
| Basic commands | 26 | |
| Build / train | 114 | |
| Enter build submenu | 31 | |
| Enter hero's abilities submenu | 6 | |
| Give item / drop item | 1 | |
| Right click | 535 | |
| Select / deselect | 363 | |
| Select group hotkey | 429 | |
| Use ability | 111 | |
1643 total
» units
| Peasant | 43 | |
| Footman | 6 | |
| Rifleman | 3 | |
| Dragonhawk Rider | 5 | |
57 total
» upgrades
| Lumber Harvesting | 2 | |
| Masonry | 1 | |
| Gunpowder | 1 | |
4 total
» buildings
| Altar of Kings | 1 | |
| Farm | 5 | |
| Barracks | 3 | |
| Scout Tower | 5 | |
| Arcane Tower | 1 | |
| Lumber Mill | 1 | |
| Keep | 4 | |
| Town Hall | 2 | |
| Guard Tower | 9 | |
| Castle | 4 | |
| Arcane Vault | 1 | |
| Blacksmith | 1 | |
| Gryphon Aviary | 5 | |
42 total
» build order
00:27 Altar of Kings
00:41 Farm
01:28 Farm
01:35 Barracks
01:48 Barracks
01:56 Barracks
02:06 Farm
02:25 Scout Tower
02:42 Farm
02:59 Farm
03:09 Arcane Tower
03:14 Scout Tower
03:23 Scout Tower
03:28 Lumber Mill
03:29 Keep
05:20 Town Hall
06:29 Guard Tower
08:10 Castle
08:10 Castle
08:11 Castle
09:02 Scout Tower
09:31 Guard Tower
09:31 Guard Tower
09:32 Guard Tower
10:06 Arcane Vault
11:20 Scout Tower
11:42 Blacksmith
12:00 Guard Tower
12:00 Guard Tower
12:34 Gryphon Aviary
12:51 Gryphon Aviary
12:55 Gryphon Aviary
13:46 Gryphon Aviary
13:49 Gryphon Aviary
14:25 Keep
14:25 Keep
15:15 Town Hall
» items
| Scroll of Town Portal | 5 | |
| Orb of Fire | 2 | |
| Potion of Healing | 3 | |
| Scroll of Regeneration | 2 | |
| Staff of Teleportation | 1 | |
| Circlet of Nobility | 1 | |
14 total
Hero_ (
pink | 50 APM | 2051 actions | 40:52)
7 Blood Mage
3 Flame Strike
3 Siphon Mana
1 Summon Phoenix
» actions
| Assign group hotkey | 56 | |
| Basic commands | 73 | |
| Build / train | 117 | |
| Enter build submenu | 53 | |
| Enter hero's abilities submenu | 7 | |
| Remove unit from queue | 3 | |
| Right click | 885 | |
| Select / deselect | 492 | |
| Select group hotkey | 188 | |
| Use ability | 177 | |
2051 total
» units
| Peasant | 31 | |
| Footman | 4 | |
| Sorceress | 3 | |
| Gryphon Rider | 1 | |
39 total
» upgrades
| Lumber Harvesting | 2 | |
| Masonry | 3 | |
| Sorceress Training | 1 | |
| Magic Sentry | 1 | |
| Storm Hammers | 1 | |
| Cloud | 1 | |
| Swords | 3 | |
| Armor | 3 | |
| Animal War Training | 1 | |
16 total
» buildings
| Altar of Kings | 2 | |
| Barracks | 1 | |
| Farm | 9 | |
| Scout Tower | 47 | |
| Arcane Tower | 1 | |
| Lumber Mill | 1 | |
| Arcane Vault | 2 | |
| Keep | 2 | |
| Town Hall | 2 | |
| Guard Tower | 12 | |
| Arcane Sanctum | 1 | |
| Castle | 2 | |
| Gryphon Aviary | 5 | |
| Blacksmith | 2 | |
89 total
» build order
00:53 Altar of Kings
00:54 Barracks
00:59 Altar of Kings
01:03 Farm
01:07 Farm
01:08 Farm
03:50 Scout Tower
04:19 Arcane Tower
05:48 Lumber Mill
06:02 Arcane Vault
06:09 Keep
06:47 Town Hall
06:50 Scout Tower
06:50 Scout Tower
06:51 Scout Tower
06:51 Scout Tower
06:53 Scout Tower
08:08 Guard Tower
08:08 Guard Tower
09:10 Arcane Sanctum
10:01 Scout Tower
10:02 Scout Tower
10:02 Scout Tower
10:03 Scout Tower
10:03 Scout Tower
11:08 Guard Tower
12:01 Guard Tower
12:09 Scout Tower
12:12 Castle
12:24 Scout Tower
12:24 Scout Tower
12:24 Scout Tower
12:36 Guard Tower
13:49 Gryphon Aviary
13:50 Gryphon Aviary
13:50 Gryphon Aviary
13:51 Gryphon Aviary
13:57 Gryphon Aviary
15:20 Guard Tower
15:27 Farm
15:27 Farm
15:28 Farm
15:29 Farm
15:29 Farm
15:29 Farm
17:25 Blacksmith
17:27 Blacksmith
20:16 Guard Tower
24:30 Town Hall
24:40 Scout Tower
24:41 Scout Tower
24:41 Scout Tower
24:41 Scout Tower
24:43 Scout Tower
24:44 Scout Tower
24:44 Scout Tower
24:44 Scout Tower
24:46 Scout Tower
24:47 Scout Tower
24:47 Scout Tower
24:48 Scout Tower
25:43 Guard Tower
26:37 Scout Tower
26:37 Scout Tower
26:38 Scout Tower
26:38 Scout Tower
26:39 Scout Tower
26:40 Scout Tower
26:40 Scout Tower
26:41 Scout Tower
26:41 Scout Tower
26:42 Scout Tower
26:45 Guard Tower
27:15 Guard Tower
27:24 Guard Tower
28:41 Keep
29:37 Scout Tower
29:37 Scout Tower
29:38 Scout Tower
29:38 Scout Tower
29:38 Scout Tower
29:39 Scout Tower
29:39 Scout Tower
29:40 Scout Tower
29:40 Scout Tower
29:42 Scout Tower
30:57 Guard Tower
31:24 Castle
32:45 Arcane Vault
» items
| Scroll of Regeneration | 5 | |
| Scroll of Town Portal | 7 | |
| Potion of Invisibility | 3 | |
| Dust of Appearance | 1 | |
| Staff of Teleportation | 1 | |
| Potion of Healing | 6 | |
| Potion of Mana | 4 | |
| Lesser Clarity Potion | 4 | |
| Periapt of Vitality | 1 | |
| Potion of Lesser Invulnerability | 2 | |
34 total
Daniel.Borracha (
purple | 68 APM | 2024 actions | 29:42)
5 Demon Hunter
3 Mana Burn
2 Evasion
4 Firelord
2 Summon Lava Spawn
2 Incinerate
» actions
| Assign group hotkey | 20 | |
| Basic commands | 131 | |
| Build / train | 70 | |
| ESC pressed | 15 | |
| Enter build submenu | 24 | |
| Enter hero's abilities submenu | 9 | |
| Remove unit from queue | 5 | |
| Right click | 938 | |
| Select / deselect | 327 | |
| Select group hotkey | 412 | |
| Use ability | 73 | |
2024 total
» units
| Wisp | 26 | |
| Archer | 3 | |
| Huntress | 2 | |
| Dryad | 9 | |
| Druid of the Claw | 8 | |
48 total
» upgrades
| Abolish Magic | 1 | |
| Druid of the Claw Training | 2 | |
| Strength of the Wild | 1 | |
4 total
» buildings
| Altar of Elders | 1 | |
| Moon Well | 10 | |
| Ancient of War | 1 | |
| Tree of Ages | 1 | |
| Hunter's Hall | 1 | |
| Tree of Eternity | 1 | |
| Ancient of Lore | 3 | |
| Tree of Life | 6 | |
24 total
» build order
00:13 Altar of Elders
00:37 Moon Well
01:13 Ancient of War
02:13 Moon Well
03:12 Moon Well
03:14 Tree of Ages
03:29 Hunter's Hall
04:16 Moon Well
05:16 Moon Well
05:19 Moon Well
05:43 Tree of Eternity
05:48 Ancient of Lore
05:58 Ancient of Lore
06:47 Moon Well
06:53 Tree of Life
08:46 Ancient of Lore
15:51 Tree of Life
18:39 Moon Well
18:40 Moon Well
18:41 Moon Well
24:10 Tree of Life
24:15 Tree of Life
24:35 Tree of Life
24:47 Tree of Life
team 2 (winner)
MichaelScott (
green | 61 APM | 2165 actions | 35:16)
5 Archmage
3 Blizzard
2 Brilliance Aura
» actions
| Assign group hotkey | 42 | |
| Basic commands | 28 | |
| Build / train | 151 | |
| Enter build submenu | 30 | |
| Enter hero's abilities submenu | 5 | |
| Right click | 1056 | |
| Select / deselect | 621 | |
| Select group hotkey | 50 | |
| Use ability | 182 | |
2165 total
» units
| Peasant | 44 | |
| Footman | 2 | |
| Rifleman | 11 | |
| Mortar Team | 8 | |
| Sorceress | 4 | |
| Flying Machine | 1 | |
70 total
» upgrades
| Gunpowder | 1 | |
| Armor | 1 | |
| Sorceress Training | 1 | |
| Lumber Harvesting | 1 | |
| Masonry | 2 | |
| Magic Sentry | 1 | |
| Flare | 1 | |
| Fragmentation Shards | 1 | |
9 total
» buildings
| Altar of Kings | 1 | |
| Farm | 7 | |
| Barracks | 1 | |
| Blacksmith | 1 | |
| Scout Tower | 7 | |
| Arcane Tower | 2 | |
| Lumber Mill | 1 | |
| Arcane Vault | 1 | |
| Keep | 2 | |
| Workshop | 2 | |
| Arcane Sanctum | 1 | |
| Town Hall | 1 | |
| Castle | 3 | |
| Guard Tower | 2 | |
32 total
» build order
00:06 Altar of Kings
00:21 Farm
01:00 Barracks
01:40 Farm
02:21 Farm
02:27 Blacksmith
02:40 Scout Tower
03:02 Farm
03:24 Arcane Tower
03:30 Lumber Mill
03:46 Arcane Vault
05:43 Keep
05:43 Keep
06:06 Farm
07:18 Farm
08:06 Workshop
08:08 Arcane Sanctum
08:13 Workshop
10:20 Farm
10:33 Scout Tower
12:51 Town Hall
18:05 Scout Tower
18:44 Arcane Tower
18:52 Scout Tower
19:06 Scout Tower
19:57 Scout Tower
20:50 Castle
20:50 Castle
23:49 Guard Tower
23:54 Scout Tower
24:55 Guard Tower
» items
| Healing Salve | 1 | |
| Lesser Clarity Potion | 1 | |
| Scroll of Speed | 4 | |
| Scroll of Regeneration | 7 | |
| Potion of Healing | 7 | |
| Scroll of Town Portal | 3 | |
23 total

»
highfivegypsy (
orange | 34 APM | 1193 actions | 35:33)
7 Death Knight
3 Death Coil
1 Death Pact
2 Unholy Aura
1 Animate Dead
1 Naga Sea Witch
1 Forked Lightning
» actions
| Assign group hotkey | 29 | |
| Basic commands | 106 | |
| Build / train | 74 | |
| Enter build submenu | 22 | |
| Enter hero's abilities submenu | 9 | |
| Right click | 368 | |
| Select / deselect | 293 | |
| Select group hotkey | 237 | |
| Use ability | 55 | |
1193 total
» units
| Acolyte | 7 | |
| Ghoul | 5 | |
| Crypt Fiend | 11 | |
| Obsidian Statue | 2 | |
| Abomination | 6 | |
| Frost Wyrm | 5 | |
| Gargoyle | 5 | |
41 total
» upgrades
| Creature Attack | 3 | |
| Web | 1 | |
| Burrow | 1 | |
| Unholy Strength | 1 | |
| Disease Cloud | 1 | |
| Ghoul Frenzy | 1 | |
| Freezing Breath | 1 | |
| Unholy Armor | 3 | |
| Creature Carapace | 1 | |
13 total
» buildings
| Crypt | 2 | |
| Graveyard | 1 | |
| Ziggurat | 8 | |
| Altar of Darkness | 1 | |
| Nerubian Tower | 1 | |
| Tomb of Relics | 1 | |
| Halls of the Dead | 1 | |
| Slaughterhouse | 2 | |
| Necropolis | 1 | |
| Black Citadel | 1 | |
| Sacrificial Pit | 1 | |
| Boneyard | 2 | |
22 total
» build order
00:11 Crypt
00:31 Graveyard
00:45 Ziggurat
01:02 Altar of Darkness
01:18 Ziggurat
01:45 Nerubian Tower
02:41 Tomb of Relics
02:52 Ziggurat
04:22 Halls of the Dead
05:48 Ziggurat
06:07 Crypt
07:59 Slaughterhouse
09:14 Necropolis
10:50 Ziggurat
10:50 Ziggurat
12:15 Black Citadel
12:55 Slaughterhouse
15:14 Sacrificial Pit
15:25 Ziggurat
16:07 Boneyard
16:08 Boneyard
18:57 Ziggurat
» items
| Rod of Necromancy | 1 | |
| Scroll of Town Portal | 6 | |
7 total
ROYAL_FLUSH- (
teal | 69 APM | 2838 actions | 40:53)
5 Blademaster
3 Wind Walk
2 Critical Strike
3 Shadow Hunter
2 Hex
1 Healing Wave
» actions
| Assign group hotkey | 30 | |
| Basic commands | 234 | |
| Build / train | 84 | |
| Enter build submenu | 30 | |
| Enter hero's abilities submenu | 8 | |
| Give item / drop item | 2 | |
| Right click | 1132 | |
| Select / deselect | 279 | |
| Select group hotkey | 933 | |
| Use ability | 106 | |
2838 total
» units
| Peon | 20 | |
| Grunt | 3 | |
| Wind Rider | 7 | |
| Raider | 4 | |
34 total
» upgrades
| Ranged Weapons | 3 | |
| Armor | 3 | |
| Reinforced Defenses | 1 | |
| Envenomed Spears | 1 | |
| Melee Weapons | 2 | |
| Ensnare | 1 | |
11 total
» buildings
| Altar of Storms | 1 | |
| Orc Burrow | 8 | |
| Barracks | 1 | |
| Stronghold | 2 | |
| War Mill | 1 | |
| Voodoo Lounge | 2 | |
| Great Hall | 2 | |
| Beastiary | 6 | |
| Watch Tower | 30 | |
| Fortress | 2 | |
55 total
» build order
00:07 Altar of Storms
00:13 Orc Burrow
00:41 Barracks
01:25 Orc Burrow
02:48 Stronghold
03:29 War Mill
03:52 Orc Burrow
04:06 Voodoo Lounge
04:30 Great Hall
04:54 Orc Burrow
05:46 Beastiary
05:52 Beastiary
07:19 Watch Tower
07:19 Watch Tower
08:06 Fortress
09:31 Watch Tower
09:32 Watch Tower
09:33 Watch Tower
09:34 Watch Tower
10:07 Watch Tower
10:07 Watch Tower
10:19 Beastiary
10:24 Orc Burrow
12:11 Orc Burrow
12:46 Beastiary
14:51 Orc Burrow
14:52 Orc Burrow
15:10 Watch Tower
15:12 Watch Tower
15:13 Watch Tower
17:14 Great Hall
17:16 Watch Tower
17:17 Watch Tower
17:26 Watch Tower
17:27 Watch Tower
17:27 Watch Tower
17:35 Watch Tower
17:35 Watch Tower
18:35 Watch Tower
22:20 Watch Tower
22:21 Watch Tower
22:21 Watch Tower
22:22 Watch Tower
22:23 Watch Tower
22:23 Watch Tower
22:24 Watch Tower
24:29 Watch Tower
24:29 Watch Tower
24:34 Stronghold
24:38 Voodoo Lounge
28:37 Beastiary
28:37 Beastiary
28:41 Fortress
» items
| Healing Salve | 4 | |
| Staff of Teleportation | 2 | |
| Potion of Lesser Invulnerability | 2 | |
| Scroll of Town Portal | 6 | |
| Orb of Lightning | 2 | |
| Scroll of Healing | 3 | |
19 total

»
Creamysteve (
yellow | 26 APM | 1075 actions | 40:52)
5 Blademaster
2 Wind Walk
3 Critical Strike
5 Dark Ranger
3 Black Arrow
2 Life Drain
» actions
| Assign group hotkey | 25 | |
| Basic commands | 22 | |
| Build / train | 72 | |
| Enter build submenu | 17 | |
| Enter hero's abilities submenu | 10 | |
| Remove unit from queue | 4 | |
| Right click | 436 | |
| Select / deselect | 317 | |
| Select group hotkey | 70 | |
| Use ability | 102 | |
1075 total
» units
| Peon | 18 | |
| Grunt | 5 | |
| Tauren | 9 | |
| Shaman | 5 | |
| Troll Witch Doctor | 1 | |
38 total
» upgrades
| Shaman Training | 2 | |
| Witch Doctor Training | 2 | |
| Pulverize | 1 | |
| Melee Weapons | 1 | |
6 total
» buildings
| Altar of Storms | 1 | |
| Orc Burrow | 7 | |
| War Mill | 1 | |
| Stronghold | 1 | |
| Barracks | 1 | |
| Voodoo Lounge | 1 | |
| Fortress | 1 | |
| Spirit Lodge | 2 | |
| Tauren Totem | 2 | |
| Great Hall | 2 | |
19 total
» build order
00:20 Altar of Storms
00:43 Orc Burrow
00:52 War Mill
01:09 Orc Burrow
02:37 Stronghold
02:44 Barracks
02:50 Voodoo Lounge
03:37 Orc Burrow
04:56 Orc Burrow
05:53 Fortress
05:57 Spirit Lodge
06:00 Spirit Lodge
07:01 Orc Burrow
08:41 Tauren Totem
08:48 Tauren Totem
09:46 Great Hall
11:59 Orc Burrow
20:30 Orc Burrow
28:45 Great Hall
» items
| Healing Salve | 4 | |
| Lesser Clarity Potion | 4 | |
| Scroll of Town Portal | 1 | |
| Orb of Lightning | 1 | |
10 total
Chat log
(00:17 / All) Hero_: I know you said you'd miss me but I know that you won't
(00:23 / All) Hero_: Cuz time is like a wave that washes all the pain away
(00:25 / All) ROYAL_FLUSH-: i am of noble blood, you 7 peasants are not
(00:39 / All) Creamysteve: your music is shit and your dad never loved you
(00:45 / All) DlCK.Bandit: which blood is that, hussein?
(00:53 / All) DlCK.Bandit: or ghaddafi
(00:54 / All) ROYAL_FLUSH-: STFU PEASANT
(01:00 / All) ROYAL_FLUSH-: U ARE MY LITTLE BITCH SERVANT
(01:08 / All) ROYAL_FLUSH-: U WILL GET CREAMED
(01:11 / All) highfivegypsy: lols
(01:14 / All) DlCK.Bandit: i am your alpha and the omega
(01:18 / All) Hero_: it's so glitchy
(01:24 / All) Hero_: I have two peons selected
(01:27 / All) Hero_: I build altar and barracks
(01:31 / All) Hero_: ONE PEON TRIES TO BUILD BOTH
(01:38 / All) highfivegypsy: grats
(01:38 / All) Hero_: cancels previous command
(01:39 / All) Hero_: retarded
(01:52 / All) highfivegypsy: user error
(02:15 / All) highfivegypsy: lol
(02:22 / Allies) Creamysteve: sending a bm to mop up
(04:14 / Allies) ROYAL_FLUSH-: hit top middle niggas
(04:23 / Allies) ROYAL_FLUSH-: wood too
(04:27 / Allies) highfivegypsy: rdy when you are
(04:41 / Allies) highfivegypsy: on u
(05:22 / All) ROYAL_FLUSH-: cock lover noobs
(05:37 / Allies) highfivegypsy: come
(05:38 / Allies) highfivegypsy: teal
(05:53 / Allies) MichaelScott: kill fast plz
(06:10 / All) ROYAL_FLUSH-: U WILL BE RAPED BLUE
(06:30 / Allies) ROYAL_FLUSH-: I GOT AA
(07:36 / Allies) highfivegypsy: IN
(07:37 / Allies) MichaelScott: am mnow
(07:52 / Allies) highfivegypsy: had to
(08:08 / Allies) ROYAL_FLUSH-: WOOD?
(08:10 / Allies) highfivegypsy: b
(08:14 / Allies) highfivegypsy: we hit them hard
(08:29 / Allies) highfivegypsy: im low sry
(11:13 / All) Hero_: lovely
(11:21 / All) Hero_: I tped 2 seconds before BM attacked
(11:48 / Allies) ROYAL_FLUSH-: wood
(11:57 / Allies) MichaelScott: all now north
(12:01 / Allies) MichaelScott: M,AIN UFCK
(12:02 / Allies) highfivegypsy: less towers
(12:04 / Allies) highfivegypsy: teal;
(12:10 / Allies) highfivegypsy: share some of that gold lol
(12:20 / Allies) MichaelScott: I'M GIOPNG FOR THE AMIN
(12:21 / Allies) MichaelScott: MAIN
(12:30 / All) ROYAL_FLUSH-: gonna mess ur peasant ass up blue
(12:34 / Allies) MichaelScott: ASSIT PLZ
(12:43 / Allies) MichaelScott: COVER MY MORTS
(13:33 / Allies) highfivegypsy: move green
(14:14 / All) highfivegypsy: gg
(14:45 / Allies) highfivegypsy: mad mad healing
(14:55 / Allies) highfivegypsy: im b
(15:16 / Allies) ROYAL_FLUSH-: wood?
(16:24 / Allies) highfivegypsy: b
(16:25 / Allies) highfivegypsy: b
(17:36 / Allies) ROYAL_FLUSH-: wood
(17:37 / Allies) ROYAL_FLUSH-: plz
(17:44 / All) Hero_: which do you think is the most effective harass green?
(17:55 / Allies) ROYAL_FLUSH-: wood
(18:44 / Allies) Creamysteve: ty
(18:54 / Allies) highfivegypsy: np
(20:27 / Allies) MichaelScott: WOOD AND GOLD PZL
(20:31 / Allies) ROYAL_FLUSH-: wood plz
(21:17 / Allies) highfivegypsy: TEAL
(21:20 / Allies) highfivegypsy: WAKE UP
(21:41 / Allies) ROYAL_FLUSH-: we go tthis
(23:28 / Allies) Creamysteve: i can't afford to expand
(23:31 / Allies) highfivegypsy: still a 4v3
(23:33 / Allies) Creamysteve: need like 120 gold
(23:33 / Allies) highfivegypsy: get troops
(23:37 / Allies) highfivegypsy: no air
(24:12 / All) Hero_: level 6
(24:13 / All) Hero_: thanks
(24:21 / All) Creamysteve: at the cost of like 5000 town portals
(24:32 / All) Hero_: tp staff son
(24:39 / All) Hero_: a lot of them
(24:41 / All) ROYAL_FLUSH-: got 2 nigga
(24:56 / Allies) highfivegypsy: cripple them
(24:57 / Allies) highfivegypsy: take out mines
(25:10 / All) DlCK.Bandit: god
(25:12 / All) DlCK.Bandit: fucking pink
(25:16 / All) MichaelScott: KARMA PINk!
(25:25 / All) MichaelScott: WELL. BLULE IS TASTING PINKS KARMA
(25:41 / Allies) highfivegypsy: tp
(26:04 / Allies) ROYAL_FLUSH-: wood
(26:21 / Allies) highfivegypsy: give me gold dude
(26:26 / Allies) highfivegypsy: plz
(26:33 / Allies) highfivegypsy: ive given u so much lumber
(26:50 / Allies) ROYAL_FLUSH-: HELP THAT
(28:01 / Allies) highfivegypsy: keep hitting expos
(28:02 / Allies) highfivegypsy: thin them
(28:10 / All) Hero_: blue is bsing
(28:11 / All) Hero_: whiny baby
(28:19 / All) DlCK.Bandit: suck a dick
(28:19 / All) Creamysteve: because you suck so much
(28:22 / All) DlCK.Bandit: u fucking useless piece of shit
(28:27 / All) Hero_: god forbid someone does something he doesn't like
(28:30 / All) DlCK.Bandit: he has 7000 gold
(28:30 / All) Hero_: doesn't cookie cut
(28:33 / All) highfivegypsy: found ya
(28:45 / All) DlCK.Bandit: 7000 gold
(28:49 / All) DlCK.Bandit: go play 1v1 u fucking bitch
(28:52 / All) DlCK.Bandit: if ur gonna do gay shit
(28:54 / All) Hero_: Back at you
(28:56 / All) DlCK.Bandit: theres other people playing here
(28:58 / Allies) MichaelScott: plz give gold
(29:07 / All) DlCK.Bandit: fucking bitch
(29:14 / All) Hero_: you are
(29:36 / Allies) MichaelScott: gold plz
(29:41 / All) ROYAL_FLUSH-: FOR THE KING
(29:42 / All) ROYAL_FLUSH-: ORANGE
(30:03 / All) MichaelScott: GP:E
(30:07 / All) MichaelScott: GOPLD
(30:13 / All) Hero_: Now what yellow
(30:28 / Allies) MichaelScott: plz gold me
(30:40 / All) ROYAL_FLUSH-: WOOD PLZ
(30:58 / Allies) MichaelScott: plz stop kill ing my peons
(31:23 / Allies) Creamysteve: fuck u teal
(31:24 / All) ROYAL_FLUSH-: U HAVE ALL BEEN HOAXED
(31:25 / All) ROYAL_FLUSH-: LALW
(31:45 / Allies) Creamysteve: lol i hope u can win... real quick then
(31:47 / Allies) Creamysteve: afk
(31:50 / All) ROYAL_FLUSH-: THIS GAME IS OVER LAWL
(31:57 / All) Hero_: I'M SORRY I CAN'T HELP IT
(32:02 / All) Hero_: OH THE THINGS THAT I'VE DONE
(32:04 / All) Hero_: TERRIBLE THINGS
(32:06 / All) Hero_: YOU'D NEVER BELIEVE
(32:13 / All) Hero_: HOW YOU'D RUN IF YOU KNEW A SINGLE ONE
(32:19 / All) Hero_: Nice xpo
(32:20 / All) Hero_: lol
(32:22 / All) Hero_: was a nice expo
(32:24 / Allies) MichaelScott: can u belive this guy
(32:39 / All) ROYAL_FLUSH-: UNLIKE LAST TIME
(32:42 / All) ROYAL_FLUSH-: IM GONNA KILL MY TOWERS LOL
(32:46 / All) ROYAL_FLUSH-: FUCK U VERIZON
(32:59 / All) ROYAL_FLUSH-: MY TEAM PINK
(33:02 / All) ROYAL_FLUSH-: IS OVERWHELMED BY ME
(33:05 / All) ROYAL_FLUSH-: ABSOLUTELY OVERWHELMED
(33:10 / All) Hero_: please no
(33:12 / All) ROYAL_FLUSH-: THEY ARE SPEECHLESS
(33:14 / All) Hero_: please no green
(33:14 / All) ROYAL_FLUSH-: I AMA KING
(33:16 / All) ROYAL_FLUSH-: THEY ARE PEASANTS
(33:25 / All) Hero_: not my drained expo
(33:26 / All) Hero_: lol
(33:28 / All) Hero_: clown
(33:30 / All) highfivegypsy: you're nothing more than a douche
(33:37 / All) ROYAL_FLUSH-: I AM THE KING OF DOUCHES
(33:37 / All) highfivegypsy: not worth it
(33:39 / All) ROYAL_FLUSH-: APOLOGIZE ORANGE
(33:59 / All) Hero_: run bitch
(34:17 / All) highfivegypsy: if this is fun to you then I feel sorry for you
(34:21 / All) ROYAL_FLUSH-: LAWL
(34:24 / All) ROYAL_FLUSH-: STFU PEASANT
(34:27 / All) ROYAL_FLUSH-: KISS THE CROWN
(34:36 / All) highfivegypsy: exactly
(34:39 / All) ROYAL_FLUSH-: I AM A DESCENT OF COMMODUS
(34:42 / All) ROYAL_FLUSH-: SLAYER OF MAXIMUS
(34:44 / All) ROYAL_FLUSH-: FROM GLADIATOR
(34:57 / All) highfivegypsy: no your just a douche
(35:12 / All) ROYAL_FLUSH-: DID I SAY U COULD SPEAK ORANGE
(35:16 / All) ROYAL_FLUSH-: WATCH UR TONGUE
(35:17 / All) ROYAL_FLUSH-: GNAVE
(35:44 / All) ROYAL_FLUSH-: CREMY STEVE
(35:46 / All) ROYAL_FLUSH-: IT IS UR TURN
(35:49 / All) ROYAL_FLUSH-: TO CONCEDE DEFEAT
(36:18 / All) ROYAL_FLUSH-: I BELIEVE STEVEN IS AFK
(36:27 / All) ROYAL_FLUSH-: UR TEAM WERE WHINY BRATS
(36:29 / All) ROYAL_FLUSH-: they were winning
(37:26 / All) Hero_: How much gold do you have yellow
(37:28 / All) Hero_: I have 10k
(37:34 / All) ROYAL_FLUSH-: i had 10k bu tonly 5k now
(37:50 / All) Hero_: I figured blue would try to bs me lol
(38:01 / All) ROYAL_FLUSH-: i dont think its wise for me to trash talk, i think it makes me lag more, that and car passes by my house
(38:55 / All) ROYAL_FLUSH-: what
(40:34 / All) ROYAL_FLUSH-: last building